 Dungeon Crawl Stone Soup version 0.30-a0-618-gd6c86c23d0 (webtiles) character file.

Game seed: 7995905056142653234

116 Leeroy the Slasher (level 5, -1/38 HPs)
             Began as a Merfolk Gladiator on Jan 9, 2023.
             Slain by a hound (2 damage)
             ... on level 4 of the Dungeon.
             The game lasted 00:02:06 (2446 turns).

Leeroy the Slasher (Merfolk Gladiator)              Turns: 2446, Time: 00:02:07

Health: -1/38      AC:  5    Str: 21    XL:     5   Next: 0%
Magic:  5/5        EV: 13    Int:  7    God:
Gold:   134        SH:  0    Dex: 17    Spells: 4/4 levels left

rFire   . . .      SeeInvis .    a - +0 long sword
rCold   . . .      Faith    .    (no shield)
rNeg    . . .      Spirit   .    b - +0 leather armour
rPois   .          Reflect  .    c - +0 helmet
rElec   .          Harm     .    (no cloak)
rCorr   +          Rampage  .    r - +0 pair of gloves
Will    .....                    (no boots)
Stlth   +                        (no amulet)
HPRegen 0.26/turn                s - ring of resist corrosion
MPRegen 0.09/turn                B - +6 ring of strength

@: no status effects
A: (nimble swimmer 2), mertail
a: no special abilities


You were on level 4 of the Dungeon.
You visited 1 branch of the dungeon, and saw 4 of its levels.

You collected 134 gold pieces.

Inventory:

Hand Weapons
 a - a +0 long sword (weapon)
Missiles
 d - 4 throwing nets (quivered)
 e - a javelin
Armour
 b - a +0 leather armour (worn)
 c - a +0 helmet (worn)
 r - a +0 pair of gloves (worn)
Jewellery
 s - a ring of resist corrosion (left hand)
 B - a +6 ring of strength (right hand)
Scrolls
 f - 3 scrolls of immolation {unknown}
 j - a scroll of brand weapon {unknown}
 l - 6 scrolls of identify {unknown}
 o - 3 scrolls of fog {unknown}
 p - a scroll of enchant weapon {unknown}
 t - a scroll of fear {unknown}
 u - a scroll of amnesia {unknown}
 v - a scroll of noise {unknown}
 w - a scroll of poison {unknown}
 x - a scroll of teleportation {unknown}
 y - a scroll of vulnerability {unknown}
 z - 2 scrolls of magic mapping {unknown}
Potions
 g - 3 potions of might {unknown}
 h - 3 potions of degeneration {unknown}
 i - a potion of lignification {unknown}
 k - a potion of brilliance {unknown}
 m - 3 potions of curing {unknown}
 n - 2 potions of attraction {unknown}
 q - a potion of experience {unknown}
 A - 2 potions of mutation {unknown}


   Skills:
 - Level 2.1 Fighting
 + Level 6.6 Long Blades
 - Level 2.0 Throwing
 - Level 4.0 Dodging


You had 4 spell levels left.
You didn't know any spells.
Your spell library contained the following spells:

 Spells                   Type           Power      Damage    Failure   Level
 Portal Projectile        Hex/Tloc       0%         N/A       85%         3
 Tukima's Dance           Hex            0%         N/A       85%         3
 Blade Hands              Tmut           0%         N/A       100%        5


Dungeon Overview and Level Annotations

Branches:
Dungeon (4/15)
 Temple: D:4-7

Altars:
Elyvilon

Annotations:
D:3 3 runed translucent doors, Leeroy's ghost, amateur DrTm


Innate Abilities, Weirdness & Mutations

((You are very nimble when in or above water. (Stealth+, EV+, Speed+++)))
Your lower body shifts to a powerful aquatic tail in water.


Message History

The orc wizard hits you with a +0 dagger.
The orc hits you with a +0 dagger.
You hit the orc wizard but do no damage.
The orc wizard is severely wounded.
The orc wizard hits you but does no damage.
The orc hits you with a +0 dagger. The orc wizard closely misses you.
The orc hits you with a +0 dagger.
You closely miss the orc.
The orc wizard hits you but does no damage.
The orc hits you with a +0 dagger.
You hit the orc wizard.
The orc wizard is almost dead.
The orc closely misses you. The orc wizard barely misses you.
You hit the orc wizard.
You kill the orc wizard!
The orc misses you.
You have reached level 5!
You feel stronger.
You hit something. The orc hits you but does no damage.
Something hits you but does no damage.
You hit something. The orc hits you but does no damage.
Something barely misses you.
You hit something. Something hits you but does no damage.
The orc hits you with a +0 dagger.
* * * LOW HITPOINT WARNING * * *
You hit something. Something hits you.
* * * LOW HITPOINT WARNING * * *
The orc barely misses you.
You barely miss the orc. The orc closely misses you. Something hits you.
* * * LOW HITPOINT WARNING * * *
You barely miss the orc. The orc hits you with a +0 dagger.
* * * LOW HITPOINT WARNING * * *
Something hits you.
* * * LOW HITPOINT WARNING * * *
You hit the orc.
You kill the orc!
Something hits you.
* * * LOW HITPOINT WARNING * * *
The hound bites you.
You die...

.. .###
..###########
#.##.........
#.##.########
#..<.#
#.####...
.#.#####......#
......{@......#
####..h####...#
#... ...# .....
..# #>..... ..#
#...... ...
#..#... #..#...


You could see a hound.

Vanquished Creatures
  An orc wizard (D:4)
  3 adders
  A dart slug (D:2)
  2 orcs (D:4)
  10 ball pythons
  2 endoplasms
  2 giant cockroaches
  6 goblins
  5 hobgoblins
  6 jackals (D:1)
  4 quokkas
  3 bats
  5 frilled lizards
  6 kobolds
  3 rats
59 creatures vanquished.

Notes
Turn   | Place    | Note
-------+----------+-------------------------------------------
     0 | D:1      | Leeroy the Merfolk Gladiator began the quest for the Orb.
     0 | D:1      | Reached XP level 1. HP: 16/16 MP: 1/1
    95 | D:1      | Reached skill level 4 in Long Blades
   155 | D:1      | Reached XP level 2. HP: 17/22 MP: 2/2
   418 | D:1      | Reached XP level 3. HP: 27/27 MP: 3/3
   453 | D:1      | Reached skill level 5 in Long Blades
  1073 | D:2      | Found a white marble altar of Elyvilon.
  1211 | D:2      | Reached XP level 4. HP: 33/33 MP: 4/4
  1516 | D:3      | Reached skill level 6 in Long Blades
  1967 | D:3      | Found a runed translucent gate.
  1967 | D:3      | Found a runed translucent gate.
  1969 | D:3      | Found a runed translucent gate.
  1969 | D:3      | Noticed Leeroy's ghost (amateur DrTm)
  1971 | D:3      | Noticed a kobold brigand
  2440 | D:4      | Reached XP level 5. HP: 14/38 MP: 5/5
  2446 | D:4      | HP: 1/38 [something (4)]
  2446 | D:4      | Slain by a hound

Illustrated notes

Levels and vault maps discovered:
D:1:      lightli_arrival_noodles, layout_loops_ring, hangedman_decor_push,
          grunt_decor_resistance
D:2:      layout_loops_cross, basic_altar
D:3:      layout_basic, gammafunk_ghost_nasty_kobolds
D:4:      layout_loops_ring, marbit_many_paths

Skill      XL: |  1  2  3  4 |
---------------+-------------+-----
Long Blades    | 4 5 6 |  6.6
Fighting       | |  2.1
Throwing       | |  2.0
Dodging        | |  4.0

Action                   |  1- 3 |  4- 6 || total
-------------------------+-------+-------++-------
Melee: Long sword        |    92 |    74 ||   166
       Punch             |     1 |       ||     1
 Stab: Sleeping          |     2 |     1 ||     3
Armor: Leather armour    |    40 |    28 ||    68
Dodge: Dodged            |    83 |    54 ||   137

Table legend: (Time is in decaauts)
 A = Elapsed time spent in this place.
 B = Non-inter-level travel time spent in this place.
 C = Inter-level travel time spent in this place.
 D = Time resting spent in this place.
 E = Time spent auto-exploring this place.
 F = Levels seen in this place.
 G = Mean time per level.
                   A        B        C        D        E       F      G
               +--------+--------+--------+--------+--------+-----+--------+
         Total |   2465 |   2437 |     28 |      0 |   1983 |   4 |  616.2 |
       Dungeon |   2465 |   2437 |     28 |      0 |   1983 |   4 |  616.2 |
               +--------+--------+--------+--------+--------+-----+--------+

Top non-repeatable levels by time:
     D:3: 912 daAuts
     D:1: 910 daAuts
     D:2: 607 daAuts
     D:4: 35 daAuts
